 Dungeon Crawl Stone Soup version 0.27.1 (webtiles) character file.

Game seed: 6697171997172807653

3154 Rickety the Blocker (level 9, -3/74 HPs)
             Began as a Gnoll Fighter on Sept 3, 2021.
             Was an Initiate of Cheibriados.
             Shot with an arrow by a centaur (10 damage)
             ... on level 7 of the Dungeon.
             The game lasted 00:19:36 (7505 turns).

Rickety the Blocker (Gnoll Fighter)                 Turns: 7505, Time: 00:19:38

Health: -3/74      AC:  9    Str: 19    XL:     9   Next: 93%
Magic:  16/16      EV: 10    Int:  9    God:    Cheibriados [......]
Gold:   395        SH: 11    Dex: 13    Spells: 17/17 levels left

rFire    . . .     SeeInvis .   a - +2 whip (elec)
rCold    + . .     Faith    .   c - +0 kite shield
rNeg     . . .     Spirit   .   x - +0 scale mail {rC+}
rPois    .         Reflect  .   (no helmet)
rElec    .         Harm     .   (no cloak)
rCorr    .         Rampage  .   (no gloves)
Will     .....                  p - +0 pair of boots
Stlth    +.........             (no amulet)
HPRegen  0.22/turn              (no ring)
MPRegen  0.15/turn              (no ring)

@: very slow
A: fangs 1, strong nose, distributed training
a: Renounce Religion, Bend Time


You were on level 7 of the Dungeon.
You worshipped Cheibriados.
Cheibriados was noncommittal.
You visited 2 branches of the dungeon, and saw 8 of its levels.
You also visited: Ossuary.

You collected 395 gold pieces.

Inventory:

Hand Weapons
 a - a +2 whip of electrocution (weapon)
 b - a +0 quick blade
 d - a +4 flail
 o - a +0 whip of electrocution
 s - a +3 dagger of freezing
Missiles
 i - a curare-tipped dart (quivered)
Armour
 c - a +0 kite shield (worn)
 p - a +0 pair of boots (worn)
 x - a +0 scale mail of cold resistance (worn)
Magical Staves
 w - a staff of air
Wands
 r - a wand of charming (7)
Scrolls
 e - 5 scrolls of teleportation {unknown}
 f - a scroll of immolation {unknown}
 h - a scroll of magic mapping {unknown}
 j - a scroll of fog {unknown}
 k - a scroll of enchant weapon {unknown}
 l - 11 scrolls of identify {unknown}
 n - a scroll of blinking {unknown}
 q - a scroll of enchant armour {unknown}
 t - a scroll of summoning {unknown}
 v - a scroll of noise {unknown}
Potions
 g - 6 potions of lignification
 m - a potion of ambrosia {unknown}
 u - a potion of flight {unknown}
 z - a potion of haste {unknown}
 A - a potion of heal wounds {unknown}
 B - a potion of curing


   Skills:
 + Level 8.1 Fighting
 + Level 4.7 Short Blades
 + Level 4.7 Long Blades
 + Level 4.7 Axes
 + Level 6.6 Maces & Flails
 + Level 4.7 Polearms
 + Level 4.7 Staves
 + Level 4.7 Slings
 + Level 4.7 Bows
 + Level 4.7 Crossbows
 + Level 4.7 Throwing
 + Level 8.1 Armour
 + Level 4.7 Dodging
 + Level 4.7 Stealth
 + Level 8.1 Shields
 + Level 4.7 Unarmed Combat
 + Level 4.7 Spellcasting
 + Level 3.9 Conjurations
 + Level 3.9 Hexes
 + Level 3.9 Summonings
 + Level 3.9 Necromancy
 + Level 3.9 Translocations
 + Level 3.9 Transmutations
 + Level 3.9 Fire Magic
 + Level 3.9 Ice Magic
 + Level 3.9 Air Magic
 + Level 3.9 Earth Magic
 + Level 3.9 Poison Magic
 + Level 5.2 Invocations
 + Level 4.7 Evocations


You had 17 spell levels left.
You didn't know any spells.
Your spell library contained the following spells:

 Spells                   Type           Power      Damage    Failure   Level
 Freeze                   Ice            36%        1d6       32%         1
 Magic Dart               Conj           36%        1d4       32%         1
 Pain                     Necr           36%        1d5       32%         1
 Summon Small Mammal      Summ           36%        N/A       32%         1
 Searing Ray              Conj           18%        3d3       43%         2
 Call Canine Familiar     Summ           9%         N/A       67%         3
 Dazzling Flash           Conj/Hex       18%        N/A       67%         3
 Frozen Ramparts          Ice            18%        1d3       67%         3
 Ozocubu's Armour         Ice            9%         N/A       67%         3
 Summon Guardian Golem    Hex/Summ       9%         N/A       67%         3
 Fulminant Prism          Conj/Hex       4%         3d6       97%         4
 Hailstorm                Conj/Ice       9%         3d4       97%         4
 Agony                    Necr           9%         N/A       100%        5
 Excruciating Wounds      Necr           4%         N/A       100%        5
 Silence                  Hex/Air        4%         N/A       100%        5
 Ozocubu's Refrigeration  Ice            4%         4d5       100%        7


Dungeon Overview and Level Annotations

Branches:
Dungeon (7/15)             Temple (1/1) D:6         Ossuary (visited)

Altars:
Ashenzari
Cheibriados
Dithmenos
Elyvilon
Fedhas
Gozag
Hepliaklqana
Kikubaaqudgha
Makhleb
Nemelex Xobeh
Okawaru
Qazlal
Ru
Sif Muna
Trog
Vehumet
Wu Jian
Xom
Yredelemnul
Zin


Innate Abilities, Weirdness & Mutations

You have very sharp teeth.
Your uncanny sense of smell can sniff out nearby items.
Your experience applies equally to all skills.


Message History

You kill the electric eel!
Cheibriados thoroughly appreciates the change of pace.
You hear a splash.
A nearby plant withers and dies.
An acid dragon comes into view.
No reachable target in view!
You enter the shallow water.
Moving in this stuff is going to be slow.
You hear the crackle of electricity.
a - a +2 whip of electrocution (weapon)
Found 15 gold pieces.
A shadow imp comes into view.
Found 27 bolts.
The shadow imp shouts, "Crawl home, thou baffled dismal-dreaming scavenger!"
You hear a shout!
You hear a howl!
A centaur comes into view.
The centaur wields a +1 shortbow of flaming.
It bursts into flame!
The centaur shoots an arrow.
The arrow hits you! The arrow burns you. The acid dragon spits acid at you.
The splash of acid hits you.
You are splashed with acid!
A howler monkey comes into view.
You hear a shout!
The centaur shoots an arrow.
The arrow completely misses you.
The centaur shoots an arrow.
You block the arrow.
The centaur shoots an arrow.
The arrow hits you but does no damage.
A shadow imp comes into view.
The shadow imp shouts!
You hear a shout! x2
The shadow imp summons a swarm of flies.
The acid dragon spits acid at you. The splash of acid hits you!
You are splashed with acid!
* * * LOW HITPOINT WARNING * * *
You hear a shout!
The shadow imp disappears for a moment.
The centaur shoots an arrow.
The arrow hits you.
* * * LOW HITPOINT WARNING * * *
The arrow burns you.
* * * LOW HITPOINT WARNING * * *
The centaur shoots an arrow.
The arrow hits you!
You die...

≈P.P...##..........P.# #
≈≈PP....#.######.#...##.#
≈≈≈P##....###...........#
♣≈≈.P.........##.#.≈.###.....
♣≈≈≈.....#######.#.≈§# ...
P♣♣≈.P.#........)#.≈§# .
PPP♣PP.......##....§.#
≈PP≈♣.≈.####.###.#[..#
≈#≈≈≈P≈.# #..##@#...#
#P≈≈≈.P# ##.##.#._.### #..#
#.≈≈♣†P# #....#.....# #..#


#.PP≈PPP. ###..#...#.. ...## #!≈.≈PP..# ##5c.≈.#####...# #..#P≈≈≈...# #....≈c#
....# #.###P..≈...# #.#..≈..# ...## #. ##..?.#..##.##.≈5... #...#
######............# #<..# You could see a centaur and a shadow imp.

Vanquished Creatures
  Sigmund (D:4)
  A hornet zombie (D:5)
  A sky beast (D:7)
  2 ice beasts
  An ogre (D:4)
  A centaur (D:6)
  3 phantoms
  4 elf zombies (Ossuary)
  A kobold brigand (D:4)
  A bullfrog (D:5)
  2 scorpions (D:5)
  A water moccasin zombie (D:5)
  A water moccasin skeleton (D:5)
  8 wights
  An electric eel (D:7)
  A howler monkey (D:6)
  A centaur skeleton (D:6)
  8 centaur zombies
  2 bullfrog skeletons
  2 bullfrog zombies (D:5)
  2 human zombies (Ossuary)
  3 orc priests
  2 hounds
  An orc wizard (D:5)
  2 hound skeletons
  3 mummies (Ossuary)
  3 gnolls (D:4)
  4 adders
  An adder skeleton (D:4)
  An adder zombie (D:5)
  2 worms
  A dart slug (D:3)
  22 orcs
  6 bats
  6 endoplasms
  4 giant cockroaches
  7 goblins
  9 hobgoblins
  4 quokkas
  7 ball pythons
  A frilled lizard (D:3)
  5 kobolds
  4 rats
143 creatures vanquished.

Vanquished Creatures (others)
  2 plants (D:7)
2 creatures vanquished.

Grand Total: 145 creatures vanquished

Notes
Turn   | Place    | Note
-------+----------+-------------------------------------------
     0 | D:1      | Rickety the Gnoll Fighter began the quest for the Orb.
     0 | D:1      | Reached XP level 1. HP: 23/23 MP: 1/1
    61 | D:1      | Found a faded altar of an unknown god.
   387 | D:1      | Reached XP level 2. HP: 24/29 MP: 2/2
  1198 | D:2      | Reached XP level 3. HP: 26/35 MP: 3/3
  1211 | D:2      | Reached skill level 1 in Invocations
  1890 | D:2      | Reached skill level 1 in Short Blades
  1890 | D:2      | Reached skill level 1 in Long Blades
  1890 | D:2      | Reached skill level 1 in Axes
  1890 | D:2      | Reached skill level 1 in Polearms
  1890 | D:2      | Reached skill level 1 in Staves
  1890 | D:2      | Reached skill level 1 in Slings
  1890 | D:2      | Reached skill level 1 in Bows
  1890 | D:2      | Reached skill level 1 in Crossbows
  1890 | D:2      | Reached skill level 1 in Throwing
  1890 | D:2      | Reached skill level 1 in Dodging
  1890 | D:2      | Reached skill level 1 in Stealth
  1890 | D:2      | Reached skill level 1 in Unarmed Combat
  1890 | D:2      | Reached skill level 1 in Spellcasting
  1890 | D:2      | Reached skill level 1 in Evocations
  2081 | D:2      | Reached XP level 4. HP: 41/41 MP: 5/5
  2820 | D:3      | Reached skill level 1 in Conjurations
  2820 | D:3      | Reached skill level 1 in Hexes
  2820 | D:3      | Reached skill level 1 in Summonings
  2820 | D:3      | Reached skill level 1 in Necromancy
  2820 | D:3      | Reached skill level 1 in Translocations
  2820 | D:3      | Reached skill level 1 in Transmutations
  2820 | D:3      | Reached skill level 1 in Fire Magic
  2820 | D:3      | Reached skill level 1 in Ice Magic
  2820 | D:3      | Reached skill level 1 in Air Magic
  2820 | D:3      | Reached skill level 1 in Earth Magic
  2820 | D:3      | Reached skill level 1 in Poison Magic
  2949 | D:4      | Reached XP level 5. HP: 37/47 MP: 6/6
  3123 | D:4      | Noticed an ogre
  3132 | D:4      | Killed an ogre
  3133 | D:4      | Reached XP level 6. HP: 27/53 MP: 8/8
  3183 | D:4      | Found a radiant altar of Vehumet.
  3183 | D:4      | Found a shadowy altar of Dithmenos.
  3183 | D:4      | Noticed Sigmund
  3199 | D:4      | Killed Sigmund
  3200 | D:4      | Reached skill level 5 in Maces & Flails
  3471 | D:4      | Found a sand-covered staircase.
  3476 | Ossuary  | Entered an ossuary
  3531 | Ossuary  | Reached XP level 7. HP: 54/59 MP: 10/10
  3702 | Ossuary  | Reached XP level 8. HP: 47/67 MP: 12/12
  4085 | D:4      | HP: 2/59 [wight (6)]
  4790 | D:5      | Entered Level 5 of the Dungeon
  4817 | D:5      | Found an ornate altar of the Wu Jian Council.
  5151 | D:5      | Reached XP level 9. HP: 72/72 MP: 14/14
  5465 | D:5      | Found a bloodstained altar of Trog.
  6307 | D:6      | Found a blossoming altar of Fedhas.
  6462 | D:6      | Reached skill level 5 in Invocations
  6651 | D:6      | Found a staircase to the Ecumenical Temple.
  6660 | Temple   | Entered the Ecumenical Temple
  6929 | Temple   | Became a worshipper of Cheibriados the Contemplative
  7177 | D:7      | Found a shimmering blue altar of Sif Muna.
  7505 | D:7      | Shot with an arrow by a centaur

Illustrated notes

Levels and vault maps discovered:
D:1:      lightli_arrival_maybe_door_vault, layout_loops_corners,
          ebering_ecumenical_altar_box
D:2:      layout_loops_ring
D:3:      layout_rooms, lemuel_another_geyser
D:4:      layout_basic, gammafunk_temple_overflow_statue, enter_ossuary_2,
          uniq_sigmund
D:5:      layout_basic, general_overflow_altar, lemuel_crystal_altar
D:6:      layout_rooms, mainiacjoe_overflow_concentric_impassable,
          minmay_temple_entry_overgrown
D:7:      layout_rooms, mainiacjoe_overflow_boulevard, serial_shops,
          shop_fountains, serial_bayou_lagoon_a, uniq_pikel, uniq_menkaure,
          uniq_crazy_yiuf_cottage
Temple:   minmay_temple_curvy_branch

Skill      XL: |  1  2  3  4  5  6  7  8  9 |
---------------+----------------------------+-----
Invocations    | 1 2 3 4 5 |  5.2
Short Blades   | 1 2 3 4 |  4.7
Long Blades    | 1 2 3 4 |  4.7
Axes           | 1 2 3 4 |  4.7
Polearms       | 1 2 3 4 |  4.7
Staves         | 1 2 3 4 |  4.7
Slings         | 1 2 3 4 |  4.7
Bows           | 1 2 3 4 |  4.7
Crossbows      | 1 2 3 4 |  4.7
Throwing       | 1 2 3 4 |  4.7
Dodging        | 1 2 3 4 |  4.7
Stealth        | 1 2 3 4 |  4.7
Unarmed Combat | 1 2 3 4 |  4.7
Spellcasting   | 1 2 3 4 |  4.7
Evocations     | 1 2 3 4 |  4.7
Conjurations   | 1 2 3 |  3.9
Hexes          | 1 2 3 |  3.9
Summonings     | 1 2 3 |  3.9
Necromancy     | 1 2 3 |  3.9
Translocations | 1 2 3 |  3.9
Transmutations | 1 2 3 |  3.9
Fire Magic     | 1 2 3 |  3.9
Ice Magic      | 1 2 3 |  3.9
Air Magic      | 1 2 3 |  3.9
Earth Magic    | 1 2 3 |  3.9
Poison Magic   | 1 2 3 |  3.9
Maces & Flails | 5 6 |  6.6
Fighting       | 7 8 |  8.1
Armour         | 7 8 |  8.1
Shields        | 7 8 |  8.1

Action                   |  1- 3 |  4- 6 |  7- 9 || total
-------------------------+-------+-------+-------++-------
Melee: Flail             |   131 |    29 |    23 ||   183
       Bite              |    11 |    16 |    51 ||    78
       Whip              |       |   108 |   358 ||   466
  Use: Potion            |       |     1 |     4 ||     5
 Stab: Invisible         |       |       |     1 ||     1
Armor: Scale mail        |    38 |    44 |   106 ||   188
       Skin              |       |     2 |       ||     2
Dodge: Dodged            |    35 |    39 |   108 ||   182
Block: Kite shield       |    66 |    72 |   178 ||   316
